 Dungeon Crawl Stone Soup version 0.30.1 (webtiles) character file.

Game seed: 15122651271401624113

211301 McKennaii the Eclecticist (level 17, -13/111 HPs)
             Began as a Demigod Conjurer on July 7, 2023.
             Mangled by a salamander tyrant (16 damage)
             ... on level 4 of the Snake Pit.
             The game lasted 01:03:23 (33788 turns).

McKennaii the Eclecticist (Demigod Conjurer)       Turns: 33788, Time: 01:03:23

Health: -13/111    AC: 23    Str:  8    XL:     17   Next: 58%
Magic:  46/46      EV: 15    Int: 46    God:
Gold:   2857       SH:  0    Dex: 12    Spells: 33/54 levels left

rFire   . . .        C - staff of conjuration
rCold   . . .        (no shield)
rNeg    . . .        D - +3 steam dragon scales
rPois   +            v - +2 hat {Will+}
rElec   .            x - +2 cloak {rPois}
rCorr   .            a - +2 pair of gloves
SInv    .            G - +2 pair of boots
Will    ++...        w - amulet of magic regeneration
Stlth   ++           S - +6 ring of intelligence
HPRegen 0.38/turn    u - +4 ring of protection
MPRegen 0.70/turn

%: no passive effects
@: constricted
A: high MP 1, forlorn, divine attributes
}: 1/15 runes: decaying
a: no special abilities


You were on level 4 of the Snake Pit.
You visited 5 branches of the dungeon, and saw 30 of its levels.
You also visited: Ice Cave.

You collected 3687 gold pieces.
You spent 830 gold pieces at shops.

Inventory:

Hand Weapons
 Y - a +9 demon trident of freezing
Armour
 a - a +2 pair of gloves (worn)
 v - a +2 hat of willpower (worn)
 x - a +2 cloak of poison resistance (worn)
 D - +3 steam dragon scales (worn)
 G - a +2 pair of boots (worn)
 T - a +0 kite shield of protection
Magical Staves
 y - a staff of cold
 C - a staff of conjuration (weapon)
Jewellery
 e - a ring of protection from cold
 i - a +6 ring of strength
 k - a ring of see invisible
 o - a ring of wizardry
 u - a +4 ring of protection (right hand)
 w - an amulet of magic regeneration (around neck)
 B - the ring of Attitude {*Slow rC+ AC+4 Str+4 Dex+3}
   (You found it on level 1 of the Swamp)

   [ring of protection]

   AC:        It affects your AC (+4).
   Str:       It affects your strength (+4).
   Dex:       It affects your dexterity (+3).
   rC:        It protects you from cold.
   *Slow:     It may slow you when you take damage.
 S - a +6 ring of intelligence (left hand)
 W - a ring of fire
Wands
 s - a wand of iceblast (37)
 M - a wand of paralysis (19)
 P - a wand of polymorph (5)
 Q - a wand of mindburst (2)
 R - a wand of flame (50)
 V - a wand of light (7)
 Z - a wand of digging (3)
Scrolls
 c - 5 scrolls of vulnerability
 g - 11 scrolls of teleportation
 h - 4 scrolls of summoning
 l - 6 scrolls of fog
 n - 8 scrolls of amnesia
 t - 5 scrolls of poison
 E - 5 scrolls of blinking
 I - 3 scrolls of fear
 K - 5 scrolls of immolation
 N - 3 scrolls of silence
 O - a scroll of brand weapon
 U - 3 scrolls of magic mapping
Potions
 b - 3 potions of magic
 d - a potion of cancellation
 f - 5 potions of haste
 j - 12 potions of curing
 m - 8 potions of heal wounds
 p - 3 potions of berserk rage
 q - 4 potions of mutation
 r - 7 potions of lignification
 z - 4 potions of invisibility
 A - 6 potions of brilliance
 F - 6 potions of flight
 H - 3 potions of resistance
 J - 9 potions of might
 L - a potion of ambrosia
 X - 2 potions of attraction


   Skills:
 - Level 13.8 Dodging
 - Level 1.7 Stealth
 + Level 19.2 Spellcasting
 + Level 15.0 Conjurations
 + Level 14.9 Fire Magic


You had 33 spell levels left.
You knew the following spells:

 Your Spells              Type           Power      Damage    Failure   Level
a - Magic Dart            Conj           100%       1d8       0%          1
b - Searing Ray           Conj           100%       2d8       0%          2
c - Iskenderun's Mystic   Conj/Tloc      100%       2d19      1%          4
d - Stone Arrow           Conj/Erth      100%       3d13      1%          3
e - Starburst             Conj/Fire      67%        6d17      1%          6
f - Freezing Cloud        Conj/Ice/Air   47%        6-21      1%          5

Your spell library contained the following spells:

 Spells                   Type           Power      Damage    Failure   Level
 Foxfire                  Conj/Fire      100%       2x1d9     0%          1
 Flame Wave               Conj/Fire      100%       2d21      0%          4
 Sticky Flame             Conj/Fire      100%       2d11      0%          4
 Beastly Appendage        Tmut           88%        N/A       1%          1
 Freeze                   Ice            100%       1d10      1%          1
 Sandblast                Erth           88%        2d18      1%          1
 Shock                    Conj/Air       100%       1d9       1%          1
 Sting                    Tmut/Pois      100%       1d8       1%          1
 Cigotuvi's Dreadful Rot  Necr/Pois/Air  88%        N/A       1%          2
 Ensorcelled Hibernation  Hex/Ice        88%        N/A       1%          2
 Lesser Beckoning         Tloc           88%        N/A       1%          2
 Momentum Strike          Conj/Tloc      100%       3d10      1%          2
 Passwall                 Tmut/Erth      36%        N/A       1%          2
 Poisonous Vapours        Pois/Air       88%        N/A       1%          2
 Sublimation of Blood     Necr           44%        N/A       1%          2
 Wereblood                Tmut           44%        N/A       1%          2
 Call Canine Familiar     Summ           44%        N/A       1%          3
 Dazzling Flash           Conj/Hex       100%       N/A       1%          3
 Frozen Ramparts          Ice            88%        1d14      1%          3
 Gell's Gravitas          Tloc           44%        N/A       1%          3
 Ignite Poison            Fire/Tmut/Pois 74%        N/A       1%          3
 Inner Flame              Hex/Fire       85%        N/A       1%          3
 Ozocubu's Armour         Ice            44%        N/A       1%          3
 Portal Projectile        Hex/Tloc       88%        N/A       1%          3
 Spider Form              Tmut/Pois      44%        N/A       1%          3
 Swiftness                Air            44%        N/A       1%          3
 Teleport Other           Tloc           44%        N/A       1%          3
 Volatile Blastmotes      Fire/Tloc      100%       2d18      1%          3
 Fulminant Prism          Conj/Hex       53%        3d22      1%          4
 Fireball                 Conj/Fire      67%        3d25      1%          5
 Irradiate                Conj/Tmut      53%        3d29      1%          5
 Iron Shot                Conj/Erth      53%        9d10      3%          6
 Plasma Beam              Fire/Air       42%        2x1d62    3%          6
 Airstrike                Air            22%        2d(4-20)  4%          4
 Anguish                  Hex/Necr       22%        N/A       4%          4
 Animate Dead             Necr           44%        N/A       4%          4
 Cause Fear               Hex            22%        N/A       4%          4
 Ice Form                 Ice/Tmut       44%        N/A       4%          4
 Leda's Liquefaction      Hex/Erth       22%        N/A       4%          4
 Manifold Assault         Tloc           44%        N/A       4%          4
 Olgreb's Toxic Radiance  Pois           44%        N/A       4%          4
 Petrify                  Tmut/Erth      44%        N/A       4%          4
 Summon Ice Beast         Ice/Summ       44%        N/A       4%          4
 Borgnjor's Vile Clutch   Necr/Erth      22%        N/A       13%         5
 Metabolic Englaciation   Hex/Ice        22%        N/A       13%         5
 Summon Mana Viper        Hex/Summ       44%        N/A       13%         5
 Death Channel            Necr           22%        N/A       56%         6
 Dispersal                Tloc           22%        N/A       56%         6
 Simulacrum               Ice/Necr       22%        N/A       56%         6
 Fire Storm               Conj/Fire      67%        8d17      69%         9
 Enfeeble                 Hex            22%        N/A       98%         7
 Monstrous Menagerie      Summ           22%        N/A       98%         7
 Ozocubu's Refrigeration  Ice            22%        4d12      98%         7
 Disjunction              Tloc           22%        N/A       100%        8


Dungeon Overview and Level Annotations

Branches:
Dungeon (15/15)            Temple (0/1) D:6            Lair (5/5) D:8
  Swamp (4/4) Lair:3        Snake (4/4) Lair:2        Slime (0/5) Lair:5
    Orc (2/2) D:11            Elf (0/3) Orc:2        Vaults (0/5) D:14
 Depths (0/4) D:15          IceCv (visited)

Shops:
D:1 =   D:3 (   D:9 *   Orc:1 :   Orc:2 ![[(   Snake:1 :?(


Innate Abilities, Weirdness & Mutations

You have an increased reservoir of magic. (+10% MP)
You shall have no god before yourself.
Your divine heritage dramatically boosts your attributes as you level up.


Message History

You climb downwards.
You have identified the last scroll.
The naga mage shouts!
The naga shouts!
The guardian serpent shouts!
The naga warrior shouts!
The naga shouts!
You hear a shout!
The guardian serpent casts a spell at you.
The salamander blinks!
The naga blinks!
The naga warrior blinks! x2
The black mamba hisses angrily.
Found a scroll of acquirement.
There is a stone staircase leading up here.
Unknown command.
The naga warrior hits you but does no damage.
The naga warrior grabs you.
You stop ascending the stairs.
The naga warrior constricts you. The naga warrior spits poison at you.
The splash of poison misses you.
The naga mage gestures wildly while chanting.
The naga mage seems to speed up.
The naga warrior roars a battlecry!
The nagas go into a battle-frenzy!
The naga hits you with a +0 trident. The salamander barely misses you.
The salamander tyrant hits you but does no damage.
The salamander barely misses you. The salamander tyrant misses you.
The guardian serpent shouts!
Unknown command.
Unknown command.
The naga warrior's grasp on you weakens, but your attempt to escape fails.
You hear a shout!
The naga warrior completely misses you. The naga warrior constricts you.
The naga warrior roars a battlecry!
The naga warrior goes into a battle-frenzy!
The naga hits you with a +0 trident!!
The salamander hits you with a +1 trident of venom!
You are engulfed in flames!
The salamander hits you with a +4 trident.
You are engulfed in flames!
The salamander tyrant hits you!
You are engulfed in flames!!
* * * LOW HITPOINT WARNING * * *
The salamander tyrant hits you!
* * * LOW HITPOINT WARNING * * *
You are engulfed in flames!
You die...

####.....####
#...........##.
....N.........#
..S.....N......
...........N...
.......S.......
.......NNS.....
....?.N@N......
......NNN......
...............
.......§§.S..##
##.^.......##..
..###...###. §
. .#.#. .§ ....
. ..


You could see 3 naga warriors, 2 salamander tyrants, 2 salamanders, 3 guardian
serpents, a black mamba, a naga mage (fast, strong) and 2 nagas.

Vanquished Creatures
  A tentacled monstrosity (Swamp:3)
  The ghost of MrAu the Spry, an adept HuGl of Okawaru (Swamp:4)
  Rupert (D:12)
  3 thorn hunters (Swamp:3)
  Agnes (D:14)
  An azure jelly (IceCv)
  2 nagarajas
  A fenstrider witch (Swamp:3)
  The ghost of ymhsbmbesitwf the Severer, a journeyman MiBe of Trog (Swamp:4)
  Louise (Swamp:1)
  An orc warlord (Orc:2)
  2 ghouls (Swamp:2)
  2 quicksilver oozes (IceCv)
  4 bunyips
  An eleionoma (Swamp:2)
  4 shambling mangroves
  Josephine (D:14)
  A fire dragon (D:12)
  17 hydras
  3 rakshasas
  2 ghost crabs
  5 catoblepae
  Harold (Lair:2)
  A salamander tyrant (Snake:3)
  A vault guard (D:14)
  7 centaur warriors
  3 anacondas
  6 boulder beetles
  6 two-headed ogres
  3 tengu warriors
  12 naga warriors
  9 alligators
  15 death yaks
  Urug (Orc:1)
  13 naga sharpshooters
  A spriggan berserker (Swamp:4)
  A skyshark (Lair:3)
  Sonja (D:10)
  A shock serpent (Snake:2)
  Amaemon (Lair:2)
  A death drake (Swamp:3)
  A fire crab (shapeshifter) (D:15)
  A salamander mystic (Snake:3)
  3 goliath frogs
  6 spriggan druids
  7 sea snakes
  A glowing orange brain (D:15)
  3 naga ritualists
  15 swamp dragons
  4 bog bodies
  An obsidian statue (D:13)
  An orange crystal statue (Swamp:3)
  5 orc knights
  A deep elf zephyrmancer (D:12)
  2 wolf spiders
  5 mana vipers
  A harpy (shapeshifter) (D:12)
  8 salamanders
  4 manticores
  4 will-o-the-wisps
  3 deep elf pyromancers
  2 orc sorcerers (Orc:2)
  12 cyclopes
  An elephant (Lair:3)
  11 ugly things
  33 black mambas
  4 ice statues
  3 guardian serpents
  A torpor snail (Lair:3)
  10 naga magi
  An orange demon (Lair:2)
  4 gargoyles
  4 rime drakes
  11 cane toads
  3 efreet
  A freezing wraith (D:15)
  12 komodo dragons
  A kobold demonologist (D:13)
  A tengu conjurer (D:15)
  5 polar bears
  A bloated husk (Swamp:4)
  A queen bee (D:9)
  12 trolls
  A tarantella (shapeshifter) (D:14)
  16 hornets
  11 tyrant leeches
  11 dream sheep
  Prince Ribbit (D:6)
  13 blink frogs
  26 slime creatures
  2 centaur simulacra
  25 spriggans
  A vampire (D:6)
  A shadow (D:10)
  A spriggan (shapeshifter) (D:14)
  4 wyverns
  6 wraiths
  Eustachio (D:6)
  4 steam dragons
  Grum (Lair:1)
  36 yaks
  5 basilisks
  A warg (Orc:2)
  11 swamp worms
  15 vampire mosquitoes
  38 nagas
  2 acid dragons
  14 swamp drakes
  15 water moccasins
  44 orc warriors
  3 black bears
  2 ice beasts
  A sky beast (D:7)
  4 great orb of eyes simulacra (IceCv)
  9 wolves
  9 ogres
  3 boggarts (Lair:4)
  16 centaurs
  3 kobold brigands
  5 slime creature simulacra (IceCv)
  3 glowing shapeshifter simulacra (IceCv)
  12 bullfrogs
  2 gnoll sergeants
  A scorpion (D:4)
  19 killer bees
  4 howler monkeys
  4 electric eels
  13 orc priests
  2 gnoll boudas
  A hound (D:6)
  A sleepcap (D:5)
  6 iguanas
  14 orc wizards
  3 shapeshifter simulacra (IceCv)
  2 adders
  19 gnolls
  A shadow imp (D:5)
  A white imp (D:7)
  A worm (D:2)
  A dart slug (D:5)
  83 orcs
  6 endoplasms
  4 giant cockroaches
  6 hobgoblins
  2 quokkas
  4 ball pythons
  5 bats
  7 frilled lizards
  5 goblins
  14 kobolds
  4 rats
  A spectral weapon (Swamp:3)
962 creatures vanquished.

Vanquished Creatures (others)
  A bloated husk (Swamp:2)
  16 foxfires
17 creatures vanquished.

Grand Total: 979 creatures vanquished

Notes
Turn   | Place    | Note
-------+----------+-------------------------------------------
     0 | D:1      | McKennaii the Demigod Conjurer began the quest for the Orb.
     0 | D:1      | Reached XP level 1. HP: 14/14 MP: 5/5
   141 | D:1      | Reached skill level 2 in Spellcasting
   398 | D:1      | Reached XP level 2. HP: 20/20 MP: 1/7
   401 | D:1      | Learned a level 2 spell: Searing Ray
   456 | D:1      | Found Nud Ipi's Jewellery Emporium.
   879 | D:1      | You fall into a shaft and drop 1 floor!
  1429 | D:2      | Reached XP level 3. HP: 22/26 MP: 4/9
  1753 | D:3      | Found Kuceqof's Antique Weapon Shoppe.
  2575 | D:4      | Reached XP level 4. HP: 33/33 MP: 9/11
  2577 | D:4      | Reached skill level 3 in Spellcasting
  2582 | D:4      | Learned a level 4 spell: Iskenderun's Mystic Blast
  3013 | D:4      | Reached XP level 5. HP: 34/38 MP: 3/13
  3569 | D:5      | Entered Level 5 of the Dungeon
  3579 | D:5      | Learned a level 3 spell: Stone Arrow
  3604 | D:5      | Reached skill level 5 in Conjurations
  3820 | D:5      | Noticed an ogre
  3825 | D:5      | Killed an ogre
  3826 | D:5      | Reached skill level 4 in Spellcasting
  3826 | D:5      | Reached XP level 6. HP: 45/45 MP: 6/15
  4095 | D:5      | Noticed a steam dragon
  4104 | D:5      | Killed a steam dragon
  4468 | D:5      | Reached skill level 5 in Spellcasting
  4468 | D:5      | Reached XP level 7. HP: 44/50 MP: 11/18
  4878 | D:6      | Noticed a steam dragon
  4886 | D:6      | Noticed a vampire
  4887 | D:6      | Killed a steam dragon
  4895 | D:6      | Killed a vampire
  4896 | D:6      | Reached skill level 6 in Spellcasting
  5011 | D:6      | Found a staircase to the Ecumenical Temple.
  5034 | D:6      | Reached XP level 8. HP: 57/57 MP: 16/20
  5038 | D:6      | Noticed Prince Ribbit
  5055 | D:6      | Noticed Eustachio
  5061 | D:6      | Killed Eustachio
  5064 | D:6      | Killed Prince Ribbit
  5346 | D:6      | Reached skill level 7 in Spellcasting
  6277 | D:8      | Found a staircase to the Lair.
  6302 | D:8      | Noticed a troll
  6305 | D:8      | Killed a troll
  6306 | D:8      | Reached XP level 9. HP: 62/62 MP: 17/24
  6493 | D:8      | Reached skill level 8 in Spellcasting
  6632 | D:8      | Learned a level 5 spell: Freezing Cloud
  6702 | D:8      | Noticed a manticore
  6706 | D:8      | Killed a manticore
  7089 | D:9      | Reached skill level 10 in Conjurations
  7145 | D:9      | Found Uqeux's General Store.
  7202 | D:9      | Bought a scroll of fear for 56 gold pieces
  7202 | D:9      | Bought a potion of magic for 112 gold pieces
  7448 | D:9      | Reached skill level 9 in Spellcasting
  7504 | D:9      | Reached XP level 10. HP: 60/69 MP: 19/27
  7780 | D:10     | Entered Level 10 of the Dungeon
  8013 | D:10     | Noticed a cyclops
  8039 | D:10     | Killed a cyclops
  8076 | D:10     | Noticed Sonja
  8115 | D:10     | Killed Sonja
  8116 | D:10     | Reached skill level 10 in Spellcasting
  8750 | Lair:1   | Entered Level 1 of the Lair of Beasts
  8972 | Lair:1   | Reached XP level 11. HP: 63/74 MP: 13/30
  9053 | Lair:1   | Noticed Grum
  9057 | Lair:1   | Reached skill level 11 in Spellcasting
  9088 | Lair:1   | Killed Grum
  9526 | Lair:1   | Got the Grimoire of the Heated Cure
  9758 | Lair:2   | Identified the +6 short sword of the End of Times {drain,
                  | Fragile rC+++ Str+8 Int-3}
  9767 | Lair:2   | Reached skill level 12 in Spellcasting
  9794 | Lair:2   | Noticed Harold
  9801 | Lair:2   | Killed Harold
  9808 | Lair:2   | Noticed Amaemon
  9907 | Lair:2   | Killed Amaemon
 10189 | Lair:2   | Found a staircase to the Snake Pit.
 10285 | Lair:3   | Reached skill level 13 in Spellcasting
 10551 | Lair:3   | Noticed a death yak
 10552 | Lair:3   | Noticed a death yak
 10553 | Lair:3   | Noticed a death yak
 10557 | Lair:3   | Killed a death yak
 10560 | Lair:3   | Killed a death yak
 10561 | Lair:3   | Reached XP level 12. HP: 81/81 MP: 15/34
 10670 | Lair:3   | Reached skill level 14 in Spellcasting
 10678 | Lair:3   | Noticed a catoblepas
 10687 | Lair:3   | Killed a catoblepas
 10861 | Lair:3   | Reached skill level 15 in Spellcasting
 10975 | Lair:3   | Found a staircase to the Swamp.
 11530 | Lair:3   | Learned a level 6 spell: Starburst
 11645 | Lair:3   | Reached skill level 1 in Fire Magic
 11832 | Lair:4   | Noticed a boulder beetle
 11842 | Lair:4   | Killed a boulder beetle
 12351 | Lair:4   | Noticed a five-headed hydra
 12354 | Lair:4   | Reached XP level 13. HP: 86/86 MP: 26/37
 12491 | Lair:4   | Reached skill level 5 in Dodging
 12592 | Lair:4   | Reached skill level 5 in Fire Magic
 13211 | Lair:5   | Entered Level 5 of the Lair of Beasts
 13426 | Lair:5   | Found a frozen archway.
 13435 | IceCv    | Entered an ice cave
 13477 | IceCv    | Noticed a quicksilver ooze
 13482 | IceCv    | Killed a quicksilver ooze
 13993 | IceCv    | Reached skill level 16 in Spellcasting
 14058 | IceCv    | Noticed an azure jelly
 14063 | IceCv    | Killed an azure jelly
 14067 | IceCv    | Noticed a quicksilver ooze
 14072 | IceCv    | Killed a quicksilver ooze
 14121 | IceCv    | Identified the ring "Ucrotaneff" {rPois Will- Slay-6 SInv
                  | Stlth+}
 14580 | Lair:5   | Found a staircase to the Slime Pits.
 14979 | Lair:5   | Reached XP level 14. HP: 70/93 MP: 19/39
 15659 | Lair:5   | Got Fykyr's Enchiridion on Snowy Curses
 16150 | D:11     | Found a large runed translucent door.
 16151 | D:11     | Found a large runed translucent door.
 16164 | D:11     | Found a large runed translucent door.
 16164 | D:11     | Found a large runed translucent door.
 16194 | D:11     | Got the Encyclopedia of the Burnt Map
 16200 | D:11     | Identified the +2 halberd "Avacouru" {drain, +Blink}
 16318 | D:11     | Got the Directory of Energy
 16397 | D:11     | Reached skill level 10 in Dodging
 16603 | D:11     | Found a staircase to the Orcish Mines.
 17058 | D:11     | Reached skill level 10 in Fire Magic
 17253 | D:12     | Noticed Rupert
 17254 | D:12     | Paralysed by Rupert for 4 turns
 17265 | D:12     | Killed Rupert
 18951 | D:14     | Noticed Agnes
 18955 | D:14     | Killed Agnes
 19499 | D:14     | Noticed Josephine
 19511 | D:14     | Killed Josephine
 19819 | D:14     | Reached XP level 15. HP: 99/99 MP: 27/41
 20152 | D:14     | Found a gate to the Vaults.
 20209 | D:15     | Entered Level 15 of the Dungeon
 20256 | D:15     | Reached skill level 17 in Spellcasting
 21044 | D:15     | Found a staircase to the Depths.
 21185 | Orc:1    | Entered Level 1 of the Orcish Mines
 21299 | Orc:1    | Found Mer Rara's Book Emporium.
 21433 | Orc:2    | Entered Level 2 of the Orcish Mines
 22306 | Orc:2    | Found a staircase to the Elven Halls.
 22869 | Orc:2    | Found Sotan's Antique Armour Shoppe.
 22869 | Orc:2    | Found Mostul's Armour Boutique.
 22871 | Orc:2    | Found Rege's Antique Weapon Shop.
 22873 | Orc:2    | Found Zuloethi's Distillery.
 22885 | Orc:2    | Bought 2 potions of heal wounds for 140 gold pieces
 22885 | Orc:2    | Bought a potion of curing for 42 gold pieces
 22885 | Orc:2    | Bought a potion of brilliance for 56 gold pieces
 22885 | Orc:2    | Bought a potion of invisibility for 112 gold pieces
 23045 | Orc:1    | Noticed Urug
 23183 | Orc:1    | Killed Urug
 23580 | Swamp:1  | Entered Level 1 of the Swamp
 23625 | Swamp:1  | Noticed Louise
 23631 | Swamp:1  | Paralysed by a hornet for 3 turns
 23883 | Swamp:1  | Killed Louise
 23990 | Swamp:1  | Identified the ring of Attitude {*Slow rC+ AC+4 Str+4
                  | Dex+3}
 25610 | Swamp:2  | Identified the +0 pair of boots of Nihilism {Will+}
 26087 | Swamp:3  | Reached XP level 16. HP: 84/105 MP: 32/43
 26441 | Swamp:3  | Found a transporter.
 26441 | Swamp:3  | Found a transporter.
 26442 | Swamp:3  | Noticed a tentacled monstrosity
 26908 | Swamp:3  | Reached skill level 18 in Spellcasting
 26911 | Swamp:3  | Killed a tentacled monstrosity
 27051 | Swamp:3  | Paralysed by a hornet for 2 turns
 27307 | Swamp:4  | Entered Level 4 of the Swamp
 28586 | Swamp:4  | Got a decaying rune of Zot
 28777 | Swamp:4  | Found a runed translucent gate.
 28777 | Swamp:4  | Found a runed translucent gate.
 28777 | Swamp:4  | Found a runed translucent gate.
 28777 | Swamp:4  | Noticed MrAu's ghost (adept HuGl)
 28778 | Swamp:4  | Noticed ymhsbmbesitwf's ghost (journeyman MiBe)
 28880 | Swamp:4  | Killed MrAu's ghost
 28900 | Swamp:4  | Killed ymhsbmbesitwf's ghost
 29845 | Snake:1  | Entered Level 1 of the Snake Pit
 30192 | Snake:1  | Reached XP level 17. HP: 49/111 MP: 6/45
 30435 | Snake:1  | Found Xiteut's Weapon Shoppe.
 30437 | Snake:1  | Found Zesm's Magic Scroll Emporium.
 30439 | Snake:1  | Found Qaskuq's Book Shoppe.
 30445 | Snake:1  | Bought a scroll of teleportation for 36 gold pieces
 30445 | Snake:1  | Bought 2 scrolls of summoning for 228 gold pieces
 30445 | Snake:1  | Bought a scroll of identify for 24 gold pieces
 30445 | Snake:1  | Bought a scroll of identify for 24 gold pieces
 32498 | Snake:4  | Entered Level 4 of the Snake Pit
 32508 | Snake:4  | Reached skill level 19 in Spellcasting
 33688 | Snake:3  | Reached skill level 15 in Conjurations
 33786 | Snake:4  | Identified a scroll of acquirement
 33788 | Snake:4  | HP: 3/111 [salamander tyrant (14)]
 33788 | Snake:4  | Mangled by a salamander tyrant

Illustrated notes

Levels and vault maps discovered:
D:1:      erik_arrival_orb_chamber, layout_loops_ring, serial_shops, shop
D:2:      layout_loops_ring
D:3:      layout_rooms, serial_shops, nicolae_shop_statue_plus, nrook_campfire,
          minmay_quadrilaterals
D:4:      layout_basic, lemuel_coloured_pillars_altar, serial_co_window_serial,
          co_window_corner_a, co_window_of_opportunity_a, co_window_paths_a,
          co_window_paths_a, co_window_of_opportunity_a, co_window_2corner,
          co_window_of_opportunity_b, co_window_corner_cb, co_window_broadway_b,
          co_window_paths_d, glass_columns_b, serial_bayou_ford_a,
          glass_columns_c
D:5:      layout_cave_pools, mainiacjoe_overflow_tiny_flanked,
          amethyst_overflow_temple_binary, minmay_door_square
D:6:      layout_loops_ring, minmay_temple_entry_mist, uniq_eustachio,
          uniq_prince_ribbit1
D:7:      layout_loops_ring, minivault_26, roderic_roman_lattice
D:8:      layout_basic, lair_entry_dummy
D:9:      layout_long_grid, serial_shops, shop, nicolae_looking_at_the_future
D:10:     layout_irregular_city, uniq_sonja
D:11:     layout_basic, orc_0_dummy, special_room [special_room_orc],
          minmay_hollow_rounded_squares
D:12:     layout_roguey [special_room_orc], st_stairs_6, minivault_12,
          uniq_rupert
D:13:     minmay_separated_statues, layout_irregular_city
D:14:     layout_rooms, david_vaults_5, minmay_misc_feat_secret_circle,
          serial_park_tiny_pond, uniq_josephine, uniq_agnes
D:15:     gammafunk_enter_depths_forms, layout_basic
Lair:1:   layout_long_grid, grunt_megastairs_1, serial_bayou_shore_b, uniq_grum
Lair:2:   layout_misc_corridors, nicolae_snake_entry_squirm, minmay_holes,
          uniq_amaemon, uniq_harold
Lair:3:   nzn_winding_woodlands_large [nzn_winding_woodlands_5x5_three,
          nzn_winding_woodlands_5x15_longhouse,
          nzn_winding_woodlands_5x5_checkerboard,
          nzn_winding_woodlands_center_garden,
          nzn_winding_woodlands_15x15_eel_pit,
          nzn_winding_woodlands_center_lodge,
          nzn_winding_woodlands_5x5_closed_star,
          nzn_winding_woodlands_5x15_pool, nzn_winding_woodlands_5x5_open_star],
          layout_regular_city, minmay_swamp_entry_reptiles, st_stairs_5,
          chequers_serial_rivers_micro_c
Lair:4:   kb_forest_paths, layout_long_grid, serial_forest,
          infiniplex_forest_clump_tiny, infiniplex_forest_clump_long,
          infiniplex_forest_straight_2, infiniplex_forest_clump_large,
          infiniplex_forest_clump_double, infiniplex_forest_zigzag_2
Lair:5:   evilmike_catoblepas_cave, layout_regular_city,
          nicolae_slime_entry_slimehenge, portal_ice_cave_entry_pillars_1,
          basic_altar, grunt_megastairs_3
Swamp:1:  layout_basic_swamp, evilmike_swamp_ruin_house_2, uniq_louise
Swamp:2:  layout_basic_swamp, evilmike_swamp_ruin_wall,
          infiniplex_staircase_pool
Swamp:3:  gammafunk_sealed_arena, layout_falls_marsh,
          nicolae_swamp_feature_on_the_river_bank
Swamp:4:  swamp_basic_johnstein, layout_basic_swamp, gammafunk_ghost_cemetery,
          swamp_pool1
Snake:1:  layout_misc_corridors, serial_bayou_shore_a, minmay_shop_star,
          grunt_megastairs_2
Snake:2:  layout_grid_maze, grunt_ministairs_1, nicolae_snake_gridmaze_entwining
Snake:3:  layout_onion, basic_altar, nicolae_snake_snake_lake
Snake:4:  snake_hunt, layout_cave_town, st_stairs_11
Orc:1:    layout_caves, serial_shops, nicolae_shop_hallway_plus, mines1_david,
          uniq_urug
Orc:2:    st_orc_rangers, layout_caves

Skill      XL: |  1  2  3  4  5  6  7  8  9 10 11 12 13 14 15 16 17 |
---------------+----------------------------------------------------+-----
Spellcasting   | 2 3 4 5 6 7 9 10 13 15 16 17 18 19 | 19.2
Conjurations   | 4 5 6 7 8 10 12 14 15 | 15.0
Dodging        | 4 8 11 13 | 13.8
Fire Magic     | 4 8 11 12 14 | 14.9
Stealth        | |  1.7

Action                     |  1- 3 |  4- 6 |  7- 9 | 10-12 | 13-15 | 16-18 || total
---------------------------+-------+-------+-------+-------+-------+-------++-------
  Melee: Unarmed           |     5 |       |       |       |       |       ||     5
         Staff             |       |       |       |     6 |     8 |     3 ||    17
         Punch             |       |       |       |       |       |     1 ||     1
   Cast: Magic Dart        |    82 |    54 |    38 |     1 |       |       ||   175
         Searing Ray       |     1 |     7 |     6 |     7 |     2 |       ||    23
         Stone Arrow       |       |    12 |    90 |   262 |   753 |   420 ||  1537
         Iskenderun's Myst |       |       |     2 |    32 |    70 |    48 ||   152
         Freezing Cloud    |       |       |       |    12 |    40 |    40 ||    92
         Starburst         |       |       |       |       |    82 |    79 ||   161
  Evoke: Wand              |       |       |     4 |       |       |     1 ||     5
    Use: Scroll            |       |       |     9 |     8 |    16 |    10 ||    43
         Potion            |       |       |       |       |       |     8 ||     8
 Armour: Robe              |     3 |     9 |     3 |       |       |       ||    15
         Steam dragon scal |       |       |    16 |    68 |   160 |   126 ||   370
  Dodge: Dodged            |    14 |    10 |    27 |    84 |   307 |   253 ||   695
